 Dungeon Crawl Stone Soup version 0.29-a0-275-g389c0b56f3 (webtiles) character file.

Game seed: 12396520400718011213

4245 bande the Cleaver (level 10, 0/61 HPs)
             Began as a Gargoyle Fighter on Mar 10, 2022.
             Slain by Gastronok (39 damage)
             ... on level 8 of the Dungeon.
             The game lasted 00:11:46 (7127 turns).

bande the Cleaver (Gargoyle Fighter)                Turns: 7127, Time: 00:11:47

Health: 0/61       AC: 26    Str: 25    XL:     10   Next: 30%
Magic:  10/10      EV:  8    Int: 13    God:
Gold:   1044       SH:  6    Dex: 19    Spells: 8/9 levels left

rFire   . . .      SeeInvis .   a - +1 war axe (chaos)
rCold   . . .      Faith    .   c - +0 buckler
rNeg    + . .      Spirit   .   n - +7 chain mail of Husamoaw {Str+5 Int+4}
rPois   ∞          Reflect  .   (no helmet)
rElec   +          Harm     .   q - +0 cloak
rCorr   .          Rampage  .   (no gloves)
Will    +....                   (no boots)
Stlth   ..........              e - amulet of regeneration
HPRegen 1.00/turn               y - ring of willpower
MPRegen 0.12/turn               B - +6 ring of dexterity

@: mighty, slowed, very slow
A: sickness immunity, AC +7, negative energy resistance 1, electricity
resistance, torment resistance 1, petrification resistance, noise suppression
a: no special abilities


You were on level 8 of the Dungeon.
You visited 2 branches of the dungeon, and saw 9 of its levels.

You collected 1044 gold pieces.

Inventory:

Hand Weapons
 a - a +1 war axe of chaos (weapon)
 x - a +2 flail of protection
 z - a +0 war axe
Armour
 c - a +0 buckler (worn)
 n - the +7 chain mail of Husamoaw (worn) {Str+5 Int+4}
   (You found it on level 3 of the Dungeon)

   Str:       It affects your strength (+5).
   Int:       It affects your intelligence (+4).
 q - a +0 cloak (worn)
Jewellery
 e - an amulet of regeneration (around neck)
 l - an amulet of the acrobat
 y - a ring of willpower (left hand)
 B - a +6 ring of dexterity (right hand)
Wands
 k - a wand of paralysis (4)
 p - a wand of mindburst (3)
 w - a wand of iceblast (8)
Scrolls
 i - a scroll of summoning
 m - 2 scrolls of teleportation
 r - a scroll of brand weapon
 s - 2 scrolls of enchant weapon
 t - a scroll of fog
 v - a scroll of blinking
 A - a scroll of amnesia
Potions
 b - a potion of mutation
 d - a potion of might
 f - 2 potions of invisibility
 g - 3 potions of heal wounds
 h - 2 potions of flight
 j - a potion of cancellation
 o - 3 potions of curing
 u - a potion of attraction {unknown}


   Skills:
 + Level 6.9 Fighting
 + Level 9.0 Axes
 + Level 6.8 Armour
 - Level 0.1 Dodging
 + Level 5.0 Shields
 * Level 4.0 Translocations
 * Level 4.6 Evocations


You had 8 spell levels left.
You knew the following spells:

 Your Spells              Type           Power      Damage    Failure   Level
a - Apportation           Tloc           20%        N/A       41%         1

Your spell library contained the following spells:

 Spells                   Type           Power      Damage    Failure   Level
 Animate Skeleton         Necr           0%         N/A       93%         1
 Slow                     Hex            0%         N/A       93%         1
 Summon Small Mammal      Summ           0%         N/A       93%         1
 Confusing Touch          Hex            0%         N/A       100%        3
 Vampiric Draining        Necr           0%         2d6       100%        3


Dungeon Overview and Level Annotations

Branches:
Dungeon (8/15)             Temple (1/1) D:5
   Lair: D:8-11

Altars:
Ashenzari
Dithmenos
Elyvilon
Fedhas
Gozag
Hepliaklqana
Kikubaaqudgha
Makhleb
Nemelex Xobeh
Qazlal
Ru
Sif Muna
Trog
Uskayaw
Vehumet
Wu Jian
Xom
Yredelemnul
Zin
The Shining One

Annotations:
D:8 Gastronok


Innate Abilities, Weirdness & Mutations

You are immune to sickness and miasma.
Your stone body is resilient. (AC +7)
You are immune to poison.
You resist negative energy. (rN+)
You are resistant to electric shocks. (rElec)
You are resistant to unholy torment.
You are immune to petrification.
You passively dampen the noise of your surroundings.


Message History

The vampire mosquito is almost destroyed.
The vampire mosquito bites you but does no damage. x2
You slash the vampire mosquito!
You destroy the vampire mosquito!
Gastronok looks at you and mumbles some strange words.
You feel yourself slow down.
Your Translocations skill increases to level 4!
Found a large emerald ring.
You hit Gastronok.
Gastronok resists with almost no effort.
Gastronok is lightly wounded.
Gastronok bites you!
You hit Gastronok.
Gastronok goes berserk!
Gastronok is lightly wounded.
Gastronok bites you!
You slash Gastronok! You burn Gastronok!
Gastronok is lightly wounded.
Gastronok bites you!!
* * * LOW HITPOINT WARNING * * *
Gastronok bites you but does no damage.
Unknown command.
You feel much better. Gastronok completely misses you.
You feel very mighty all of a sudden. You block Gastronok's attack.
You slice Gastronok!!
Gastronok's magic leaks into the air.
Gastronok is lightly wounded.
Gastronok's magic is no longer disrupted.
You block Gastronok's attack. Gastronok barely misses you.
Unknown command.
You slash Gastronok!
Space warps around Gastronok.
Gastronok is moderately wounded.
You block Gastronok's attack.
You hit Gastronok.
Gastronok is moderately wounded.
Gastronok bites you.
You hit Gastronok.
Gastronok flickers and vanishes!
Deactivating autopickup; reactivate with Ctrl-A.
Something bites you!!!
Ouch! That really hurt!
You die...

..<.....+
#.......########
#...............
#...............
#....##......... #
#....##......... #=##.
#....##.........
......######.##.........
##..{@................
#<....................
#.....................
#.$...................
##....................
#######..........####
#..........#
...........#
#..........#


There were no monsters in sight!

Vanquished Creatures
  Maggie (D:8)
  A hornet (D:5)
  6 yaks
  A wraith (D:7)
  A vampire mosquito (D:8)
  A steam dragon (D:8)
  A water moccasin (D:5)
  An ice beast (D:6)
  3 sky beasts (D:6)
  3 black bears
  An ogre (D:5)
  2 centaurs (D:5)
  2 phantoms
  Blork the orc (D:4)
  3 bullfrogs
  2 necrophages (D:7)
  4 scorpions
  A howler monkey (D:4)
  3 jellies
  3 orc priests
  3 hounds
  3 iguanas
  7 orc wizards
  6 gnolls
  8 adders
  An ufetubus (D:4)
  A dart slug (D:3)
  9 orcs
  12 ball pythons
  6 endoplasms
  7 giant cockroaches
  6 hobgoblins
  2 quokkas (D:2)
  5 bats
  2 frilled lizards
  8 goblins
  7 kobolds
  4 rats
138 creatures vanquished.

Vanquished Creatures (collateral kills)
  A white imp (D:6)
1 creature vanquished.

Grand Total: 139 creatures vanquished

Notes
Turn   | Place    | Note
-------+----------+-------------------------------------------
     0 | D:1      | bande the Gargoyle Fighter began the quest for the Orb.
     0 | D:1      | Reached XP level 1. HP: 14/14 MP: 1/1
   442 | D:1      | Reached skill level 2 in Axes
   442 | D:1      | Reached XP level 2. HP: 19/19 MP: 2/2
   982 | D:1      | Reached XP level 3. HP: 24/24 MP: 3/3
  2563 | D:3      | Noticed a bullfrog
  2568 | D:3      | Killed a bullfrog
  2569 | D:3      | Reached skill level 3 in Axes
  2569 | D:3      | Reached XP level 4. HP: 23/29 MP: 4/4
  2569 | D:3      | Reached XP level 5. HP: 26/33 MP: 5/5
  2913 | D:3      | Identified the +7 chain mail of Husamoaw {Str+5 Int+4}
  2985 | D:3      | Found a faded altar of an unknown god.
  3039 | D:3      | Found a bloodstained altar of Trog.
  3068 | D:3      | Found an ornate altar of the Wu Jian Council.
  3351 | D:4      | Reached skill level 4 in Axes
  3351 | D:4      | Reached XP level 6. HP: 31/38 MP: 6/6
  3530 | D:4      | Gained mutation: You passively dampen the noise of your
                  | surroundings. [potion of mutation]
  3588 | D:4      | Noticed Blork the orc
  3609 | D:4      | Killed Blork the orc
  3696 | D:4      | Reached XP level 7. HP: 44/44 MP: 7/7
  3862 | D:4      | Reached skill level 1 in Evocations
  3987 | D:4      | Reached skill level 5 in Axes
  3987 | D:4      | Reached skill level 5 in Armour
  4204 | D:5      | Entered Level 5 of the Dungeon
  4236 | D:5      | Found a staircase to the Ecumenical Temple.
  4245 | Temple   | Entered the Ecumenical Temple
  4340 | D:5      | Reached skill level 5 in Fighting
  4347 | D:5      | Reached XP level 8. HP: 26/49 MP: 8/8
  4544 | D:5      | Learned a level 1 spell: Apportation
  4569 | D:5      | Reached skill level 6 in Axes
  4615 | D:5      | Reached skill level 1 in Translocations
  4725 | D:5      | Found a broken altar of Ashenzari.
  4728 | D:5      | Found a stormy altar of Qazlal.
  4731 | D:5      | Found an ancient bone altar of Kikubaaqudgha.
  4734 | D:5      | Found a hide-covered altar of Uskayaw.
  4762 | D:5      | Noticed a hornet
  4772 | D:5      | Killed a hornet
  4969 | D:6      | Found a basalt altar of Yredelemnul.
  5031 | D:6      | Reached skill level 7 in Axes
  5054 | D:6      | Reached XP level 9. HP: 54/55 MP: 9/9
  5110 | D:6      | Identified a scroll of acquirement
  5110 | D:6      | Acquired 605 gold pieces
  5326 | D:6      | Found a sparkling altar of Nemelex Xobeh.
  5909 | D:6      | Reached skill level 8 in Axes
  6061 | D:7      | Found the +9 staff of Olgreb {rPois∞}
  6124 | D:7      | Reached XP level 10. HP: 54/61 MP: 10/10
  6379 | D:7      | Found a faded altar of an unknown god.
  6640 | D:7      | Reached skill level 5 in Shields
  6899 | D:8      | Noticed Maggie
  6916 | D:8      | Killed Maggie
  7082 | D:8      | Reached skill level 9 in Axes
  7108 | D:8      | Noticed Gastronok
  7127 | D:8      | Slain by Gastronok

Illustrated notes

Levels and vault maps discovered:
D:1:      roderic_chinese_lattice_arrival, layout_loops_cross, minivault_5,
          chequers_serial_rivers_micro_b, nrook_mini_backslash
D:2:      layout_basic
D:3:      layout_basic, nicolae_overflow_ecumenical_swirl,
          nicolae_overflow_crystal_walls, ebering_dispersal_statue_hall,
          chequers_serial_rivers_micro_e
D:4:      layout_loops_cross, minmay_misc_feat_tower,
          chequers_serial_rivers_micro_a, kennysheep_generic_room_14,
          uniq_blork_the_orc
D:5:      layout_rooms, grunt_temple_overflow_cloverleaf,
          minmay_temple_entry_water_ring, solitary_fountain
D:6:      layout_basic, nemelex_diamond_rough_becter, lemuel_round_altar,
          corexii_corridor_pit, minmay_misc_feat_diagonals,
          chequers_serial_rivers_micro_d
D:7:      layout_cave_pods, serial_column_ruins, column_ruins_temple_hall,
          column_ruins_grid_1, column_ruins_open_tiny, column_ruins_open_tiny,
          column_ruins_grid_1
D:8:      layout_basic, lemuel_tele_altar, uniq_gastronok, uniq_maggie
Temple:   nicolae_temple_x_marks_the_god

Skill      XL: |  1  2  3  4  5  6  7  8  9 10 |
---------------+-------------------------------+-----
Axes           | 2 3 4 5 7 8 9 |  9.0
Fighting       | 4 5 6 |  6.9
Armour         | 4 5 6 |  6.8
Shields        | 4 5 |  5.0
Evocations     | 2 3 4 |  4.6
Translocations | 2 3 4 |  4.0
Dodging        | |  0.1

Action                   |  1- 3 |  4- 6 |  7- 9 | 10-12 || total
-------------------------+-------+-------+-------+-------++-------
Melee: War axe           |   119 |    82 |   204 |    75 ||   480
  Use: Scroll            |     8 |     5 |     6 |       ||    19
       Potion            |       |     1 |       |     2 ||     3
 Stab: Paralysed         |       |     1 |       |       ||     1
       Distracted        |       |       |     1 |       ||     1
       Petrified         |       |       |     2 |       ||     2
       Petrifying        |       |       |     1 |       ||     1
       Confused          |       |       |       |     2 ||     2
Armor: Scale mail        |    65 |    14 |       |       ||    79
       Chain mail        |       |    45 |   186 |    54 ||   285
Dodge: Dodged            |    64 |    28 |    83 |    18 ||   193
Block: Buckler           |    23 |    14 |    38 |    12 ||    87

Table legend: (Time is in decaauts)
 A = Elapsed time spent in this place.
 B = Non-inter-level travel time spent in this place.
 C = Inter-level travel time spent in this place.
 D = Time resting spent in this place.
 E = Time spent auto-exploring this place.
 F = Levels seen in this place.
 G = Mean time per level.
                   A        B        C        D        E       F      G
               +--------+--------+--------+--------+--------+-----+--------+
         Total |   7279 |   6986 |    293 |    730 |   4847 |   9 |  808.8 |
       Dungeon |   7209 |   6916 |    293 |    730 |   4799 |   8 |  901.1 |
        Temple |     70 |     70 |      0 |      0 |     48 |   1 |   70.0 |
               +--------+--------+--------+--------+--------+-----+--------+

Top non-repeatable levels by time:
     D:2: 1341 daAuts
     D:1: 1215 daAuts
     D:6: 1086 daAuts
     D:4: 886 daAuts
     D:7: 874 daAuts
     D:3: 849 daAuts
     D:5: 677 daAuts
     D:8: 279 daAuts
  Temple: 70 daAuts
